[ AOE2 MATCH · #477144154 ]
UnrankedTurks vs Bohemians
[ REPLAY ANALYSIS · EXTRACTED FROM THE RECORDED GAME ]
Feudal
14:20
Castle
18:40
Imperial
30:02
| APM avg | 12.7 |
| APM peak | 25 |
| eAPM avg | 8.1 |
| Villagers / military | 75 / 115 |
Focus
⚔️ 27.4% · 🌾 72.6%
Janissary ×91 · Spearman ×14 · Bombard Cannon ×7 · Monk ×3
Feudal
11:41
Castle
16:52
Imperial
33:04
| APM avg | 13.0 |
| APM peak | 30 |
| eAPM avg | 11.0 |
| Villagers / military | 115 / 303 |
Focus
⚔️ 36.2% · 🌾 63.8%
Spearman ×179 · Hand Cannoneer ×95 · Hussite Wagon ×19 · Bombard Cannon ×5 · Trebuchet (Packed) ×4 · Trade Cart ×3
Feudal
—
Castle
—
Imperial
—
| APM avg | 20.4 |
| APM peak | 49 |
| eAPM avg | 13.3 |
| Villagers / military | 86 / 114 |
Focus
⚔️ 36.4% · 🌾 63.6%
Leitis ×75 · Militia ×23 · Trade Cart ×15 · Bombard Cannon ×12 · Monk ×2 · Trebuchet (Packed) ×2
Feudal
12:55
Castle
19:08
Imperial
41:01
| APM avg | 32.9 |
| APM peak | 87 |
| eAPM avg | 17.6 |
| Villagers / military | 97 / 123 |
Focus
⚔️ 25.3% · 🌾 74.7%
Knight ×76 · Konnik ×41 · Mangonel ×6
Match map
Initial resources + every placement click. Lines = walls · curves = elevation contours. ◆ gold · ⬟ stone · ● berries · ✦ relic · ◌ wall gap
Your base· ✓ Closed at 18:40 · 8t walls · 1 gate(s)
opalmab30's base· Open — opponent sealed themselves in
WarmGoldfish998's base· ✓ Closed at 18:25 · 18t walls · 2 gate(s)
WASP!'s base· ✓ Closed at 19:08 · 7t walls · no gate
Smoothed initial terrain · ◌ = detected wall gap · hover for details
Inputs per minute
— Chad King - - opalmab30
Build order — Chad King
First 150 of 174 actions detected
| 0:02 | Create | Villager (Male) |
| 0:02 | Create | Villager (Male) |
| 0:03 | Create | Villager (Male) |
| 0:03 | Create | Villager (Male) |
| 0:05 | Research | Loom |
| 0:19 | Research | Loom |
| 0:20 | Create | Villager (Male) ×3 |
| 0:29 | Build | House |
| 1:39 | Build | Palisade Wall |
| 2:08 | Create | Villager (Male) |
| 2:20 | Build | House |
| 2:44 | Create | Villager (Male) |
| 3:15 | Create | Villager (Male) |
| 3:41 | Create | Villager (Male) |
| 4:02 | Create | Villager (Male) |
| 4:20 | Build | House |
| 4:29 | Create | Villager (Male) |
| 4:49 | Create | Villager (Male) |
| 5:08 | Build | Mining Camp |
| 5:17 | Create | Villager (Male) |
| 5:18 | Create | Villager (Male) |
| 5:56 | Create | Villager (Male) |
| 6:49 | Build | Mill |
| 6:52 | Create | Villager (Male) |
| 6:52 | Create | Villager (Male) |
| 6:53 | Create | Villager (Male) |
| 7:32 | Build | House |
| 8:26 | Create | Villager (Male) |
| 8:40 | Create | Villager (Male) |
| 8:42 | Create | Villager (Male) |
| 8:49 | Build | Lumber Camp |
| 9:46 | Create | Villager (Male) |
| 9:50 | Build | House |
| 10:08 | Create | Villager (Male) |
| 10:19 | Build | Mining Camp |
| 10:32 | Create | Villager (Male) |
| 11:10 | Create | Villager (Male) |
| 11:42 | Create | Villager (Male) |
| 12:10 | Research | Feudal Age |
| 13:25 | Build | House |
| 13:26 | Build | House |
| 13:48 | Create | Villager (Male) ×5 |
| 14:20 | Age | Feudal Age |
| 14:25 | Build | Market |
| 14:30 | Build | Blacksmith |
| 15:33 | Create | Villager (Male) |
| 15:47 | Research | Castle Age |
| 16:02 | Research | Horse Collar |
| 16:08 | Research | Double-Bit Axe |
| 17:54 | Build | Farm |
| 17:55 | Build | Farm |
| 17:56 | Build | Farm |
| 17:58 | Build | Farm |
| 18:00 | Build | Farm |
| 18:02 | Build | Farm |
| 18:03 | Build | Farm |
| 18:04 | Build | Farm |
| 18:08 | Research | Wheelbarrow |
| 18:32 | Build | Palisade Gate |
| 18:40 | Age | Castle Age |
| 18:53 | Build | Castle |
| 19:12 | Create | Villager (Male) |
| 19:33 | Build | Town Center |
| 19:46 | Create | Villager (Male) |
| 19:46 | Create | Villager (Male) |
| 20:30 | Build | Lumber Camp |
| 20:39 | Build | Stone Wall |
| 20:55 | Build | Gate |
| 21:09 | Create | Janissary ×4 |
| 21:33 | Create | Villager (Male) |
| 21:33 | Create | Villager (Male) |
| 21:46 | Build | Farm |
| 21:47 | Build | Farm |
| 21:48 | Build | Farm |
| 22:04 | Build | Farm |
| 22:05 | Build | Farm |
| 22:12 | Create | Villager (Male) ×2 |
| 22:20 | Build | Farm |
| 22:21 | Build | Farm |
| 22:23 | Build | Farm |
| 22:47 | Build | Farm |
| 22:57 | Create | Villager (Male) |
| 22:58 | Create | Villager (Male) |
| 23:50 | Create | Janissary ×5 |
| 24:23 | Build | Farm |
| 24:24 | Build | Farm |
| 24:25 | Build | Farm |
| 24:29 | Research | Heavy Plow |
| 24:32 | Create | Villager (Male) ×4 |
| 24:47 | Create | Villager (Male) ×3 |
| 24:52 | Create | Villager (Male) |
| 25:13 | Build | Stone Wall |
| 25:38 | Build | Gate |
| 26:07 | Create | Villager (Male) |
| 26:07 | Create | Villager (Male) |
| 26:09 | Create | Villager (Male) |
| 26:10 | Create | Villager (Male) |
| 26:16 | Research | Gold Mining |
| 26:52 | Research | Imperial Age |
| 27:09 | Build | Siege Workshop |
| 27:14 | Create | Janissary ×2 |
| 27:36 | Research | Padded Archer Armor |
| 28:10 | Create | Villager (Male) ×5 |
| 29:08 | Build | Siege Workshop |
| 29:23 | Research | Gold Shaft Mining |
| 29:40 | Create | Villager (Male) ×5 |
| 29:56 | Build | House |
| 29:57 | Build | House |
| 29:57 | Build | House |
| 29:59 | Build | House |
| 30:00 | Build | House |
| 30:00 | Build | House |
| 30:02 | Age | Imperial Age |
| 30:12 | Create | Bombard Cannon ×4 |
| 30:37 | Create | Janissary ×5 |
| 31:07 | Research | Artillery |
| 31:23 | Build | Stone Wall |
| 31:54 | Create | Bombard Cannon |
| 32:15 | Build | Gate |
| 32:28 | Create | Janissary ×5 |
| 32:34 | Research | Leather Archer Armor |
| 32:44 | Build | Monastery |
| 32:51 | Build | House |
| 32:52 | Build | House |
| 32:53 | Build | House |
| 32:54 | Build | House |
| 32:55 | Build | House |
| 34:20 | Create | Janissary ×5 |
| 34:21 | Create | Janissary ×5 |
| 34:21 | Create | Janissary ×5 |
| 34:33 | Create | Monk |
| 34:33 | Create | Monk |
| 34:33 | Create | Monk |
| 35:11 | Build | Stone Wall |
| 37:03 | Research | Elite Janissary (upgrade) |
| 37:23 | Build | Town Center |
| 37:51 | Build | Stone Wall |
| 37:59 | Research | Conscription |
| 38:13 | Research | Ring Archer Armor |
| 38:27 | Build | Mining Camp |
| 38:41 | Create | Bombard Cannon ×2 |
| 39:02 | Create | Janissary ×5 |
| 39:02 | Create | Janissary ×5 |
| 39:02 | Create | Janissary ×5 |
| 39:09 | Build | Outpost |
| 39:12 | Research | Town Watch |
| 39:21 | Create | Villager (Male) ×5 |
| 39:22 | Create | Villager (Male) ×5 |
| 39:49 | Research | Town Patrol |
| 40:06 | Create | Janissary |
Build order — opalmab30
First 150 of 295 actions detected
| 0:02 | Create | Villager (Male) |
| 0:02 | Create | Villager (Male) |
| 0:02 | Create | Villager (Male) |
| 0:02 | Create | Villager (Male) |
| 0:03 | Build | House |
| 0:05 | Build | House |
| 0:47 | Research | Loom |
| 0:48 | Create | Villager (Male) |
| 0:48 | Create | Villager (Male) |
| 0:49 | Create | Villager (Male) |
| 0:58 | Build | Palisade Wall |
| 1:16 | Build | Lumber Camp |
| 2:03 | Create | Villager (Male) |
| 2:03 | Create | Villager (Male) |
| 2:54 | Create | Villager (Male) |
| 2:54 | Create | Villager (Male) |
| 2:55 | Create | Villager (Male) |
| 2:56 | Create | Villager (Male) |
| 2:56 | Create | Villager (Male) |
| 3:35 | Create | Villager (Male) |
| 3:35 | Create | Villager (Male) |
| 3:36 | Create | Villager (Male) |
| 3:53 | Create | Villager (Male) |
| 3:53 | Create | Villager (Male) |
| 3:53 | Create | Villager (Male) |
| 4:32 | Create | Villager (Male) |
| 4:32 | Create | Villager (Male) |
| 4:32 | Create | Villager (Male) |
| 4:39 | Build | House |
| 4:54 | Build | House |
| 5:33 | Create | Villager (Male) |
| 5:33 | Create | Villager (Male) |
| 5:33 | Create | Villager (Male) |
| 5:34 | Create | Villager (Male) |
| 6:12 | Create | Villager (Male) |
| 6:12 | Create | Villager (Male) |
| 6:12 | Create | Villager (Male) |
| 6:42 | Build | Mill |
| 6:47 | Create | Villager (Male) |
| 6:48 | Create | Villager (Male) |
| 7:59 | Create | Villager (Male) |
| 8:00 | Create | Villager (Male) |
| 8:45 | Build | Lumber Camp |
| 8:53 | Create | Villager (Male) |
| 9:31 | Research | Feudal Age |
| 10:21 | Build | Farm |
| 10:21 | Build | Farm |
| 10:21 | Build | Farm |
| 10:22 | Build | Farm |
| 10:22 | Build | Farm |
| 10:22 | Build | Farm |
| 10:45 | Build | Mining Camp |
| 11:18 | Create | Villager (Male) |
| 11:19 | Create | Villager (Male) |
| 11:41 | Age | Feudal Age |
| 12:06 | Build | Blacksmith |
| 12:12 | Build | Market |
| 12:29 | Create | Villager (Male) |
| 12:33 | Build | House |
| 12:42 | Research | Wheelbarrow |
| 13:12 | Build | Farm |
| 14:12 | Research | Castle Age |
| 14:27 | Build | Mining Camp |
| 16:52 | Age | Castle Age |
| 16:53 | Create | Villager (Male) |
| 16:53 | Create | Villager (Male) |
| 17:10 | Build | Town Center |
| 18:01 | Build | Town Center |
| 18:06 | Create | Villager (Male) |
| 18:07 | Create | Villager (Male) |
| 18:07 | Create | Villager (Male) |
| 18:27 | Build | Stone Wall |
| 18:32 | Build | Gate |
| 18:36 | Build | Farm |
| 18:41 | Build | Farm |
| 19:14 | Build | Farm |
| 19:19 | Create | Villager (Male) |
| 19:19 | Create | Villager (Male) |
| 19:41 | Create | Villager (Male) |
| 19:41 | Create | Villager (Male) |
| 19:41 | Create | Villager (Male) |
| 19:49 | Create | Villager (Male) |
| 19:49 | Create | Villager (Male) |
| 19:49 | Create | Villager (Male) |
| 19:55 | Create | Villager (Male) ×3 |
| 20:23 | Create | Villager (Male) |
| 21:13 | Build | House |
| 21:14 | Build | House |
| 21:22 | Create | Villager (Male) ×2 |
| 21:34 | Build | Castle |
| 21:42 | Build | Outpost |
| 22:01 | Create | Villager (Male) |
| 22:07 | Build | Farm |
| 22:07 | Build | Farm |
| 22:08 | Build | Farm |
| 22:08 | Build | Farm |
| 22:14 | Build | Farm |
| 22:14 | Build | Farm |
| 22:14 | Build | Farm |
| 22:15 | Build | Farm |
| 22:17 | Build | Farm |
| 22:27 | Create | Villager (Male) |
| 22:50 | Build | Mill |
| 22:52 | Build | Farm |
| 22:52 | Build | Farm |
| 22:52 | Build | Farm |
| 22:53 | Build | Farm |
| 22:54 | Build | Farm |
| 22:54 | Build | Farm |
| 22:55 | Build | Farm |
| 22:55 | Build | Farm |
| 22:55 | Build | Farm |
| 23:01 | Create | Villager (Male) ×2 |
| 23:18 | Create | Villager (Male) |
| 24:22 | Research | Hand Cart |
| 24:24 | Create | Villager (Male) ×2 |
| 24:31 | Research | Horse Collar |
| 24:48 | Research | Double-Bit Axe |
| 24:49 | Research | Double-Bit Axe |
| 25:09 | Build | Farm |
| 25:09 | Build | Farm |
| 25:18 | Build | Monastery |
| 25:24 | Create | Villager (Male) ×5 |
| 25:39 | Create | Villager (Male) |
| 25:57 | Create | Villager (Male) ×5 |
| 26:04 | Build | Farm |
| 26:08 | Create | Monk |
| 26:38 | Create | Villager (Male) ×5 |
| 26:50 | Create | Villager (Male) ×5 |
| 26:59 | Build | Farm |
| 26:59 | Build | Farm |
| 27:00 | Build | Farm |
| 27:00 | Build | Farm |
| 27:00 | Build | Farm |
| 27:00 | Build | Farm |
| 27:01 | Build | Farm |
| 27:01 | Build | Farm |
| 27:27 | Build | Farm |
| 27:27 | Build | Farm |
| 27:28 | Build | Farm |
| 27:28 | Build | Farm |
| 27:29 | Build | Farm |
| 27:29 | Build | Farm |
| 27:34 | Create | Villager (Male) ×5 |
| 28:01 | Build | House |
| 28:04 | Build | House |
| 28:05 | Build | House |
| 28:07 | Build | House |
| 28:10 | Build | House |
| 28:17 | Research | Heavy Plow |
Build order — WarmGoldfish998
First 150 of 351 actions detected
| 0:03 | Build | House |
| 0:09 | Build | House |
| 0:14 | Create | Villager (Male) |
| 0:14 | Create | Villager (Male) |
| 0:14 | Create | Villager (Male) |
| 0:14 | Create | Villager (Male) |
| 0:15 | Create | Villager (Male) |
| 1:02 | Create | Villager (Male) |
| 1:02 | Create | Villager (Male) |
| 1:39 | Build | Palisade Wall |
| 1:43 | Build | Palisade Gate |
| 1:47 | Create | Villager (Male) |
| 1:47 | Create | Villager (Male) |
| 2:58 | Build | Palisade Wall |
| 3:33 | Build | Palisade Gate |
| 3:41 | Create | Villager (Male) |
| 3:41 | Create | Villager (Male) |
| 3:42 | Create | Villager (Male) |
| 3:42 | Create | Villager (Male) |
| 3:43 | Create | Villager (Male) |
| 4:04 | Build | Mill |
| 4:10 | Research | Loom |
| 4:19 | Build | House |
| 4:27 | Create | Villager (Male) |
| 5:02 | Build | Lumber Camp |
| 5:05 | Create | Villager (Male) |
| 5:57 | Create | Villager (Male) |
| 5:57 | Create | Villager (Male) |
| 6:44 | Create | Villager (Male) |
| 6:52 | Build | House |
| 7:08 | Create | Villager (Male) |
| 9:40 | Research | Feudal Age |
| 10:07 | Create | Villager (Male) |
| 10:08 | Create | Villager (Male) |
| 10:08 | Create | Villager (Male) |
| 10:08 | Create | Villager (Male) |
| 10:19 | Build | House |
| 10:31 | Build | Barracks |
| 10:36 | Build | Mining Camp |
| 11:02 | Create | Villager (Male) |
| 12:12 | Build | Lumber Camp |
| 12:32 | Create | Villager (Male) |
| 13:33 | Create | Villager (Male) |
| 13:34 | Create | Villager (Male) |
| 13:51 | Research | Double-Bit Axe |
| 13:55 | Research | Horse Collar |
| 14:20 | Create | Villager (Male) |
| 14:20 | Create | Villager (Male) |
| 14:21 | Create | Villager (Male) |
| 14:48 | Build | House |
| 15:11 | Create | Villager (Male) |
| 15:11 | Create | Villager (Male) |
| 15:59 | Build | Blacksmith |
| 16:04 | Build | Market |
| 16:10 | Create | Villager (Male) |
| 16:11 | Create | Villager (Male) |
| 16:28 | Build | House |
| 17:14 | Create | Villager (Male) |
| 17:15 | Create | Villager (Male) |
| 17:27 | Build | Stable |
| 17:29 | Build | Farm |
| 17:29 | Build | Farm |
| 17:30 | Build | Farm |
| 17:30 | Build | Farm |
| 17:49 | Build | Farm |
| 17:49 | Build | Farm |
| 17:49 | Build | Farm |
| 17:50 | Build | Farm |
| 17:50 | Build | Farm |
| 17:50 | Build | Farm |
| 17:50 | Build | Farm |
| 17:53 | Build | Farm |
| 18:01 | Build | Farm |
| 18:18 | Build | Lumber Camp |
| 18:25 | Research | Castle Age |
| 18:33 | Create | Trade Cart |
| 18:34 | Create | Trade Cart |
| 18:35 | Create | Trade Cart |
| 18:51 | Build | House |
| 19:00 | Build | House |
| 19:24 | Research | Gold Mining |
| 19:25 | Research | Stone Mining |
| 20:09 | Build | Mining Camp |
| 20:14 | Create | Villager (Male) |
| 20:15 | Create | Villager (Male) |
| 20:15 | Create | Villager (Male) |
| 20:15 | Create | Villager (Male) |
| 20:18 | Create | Villager (Male) |
| 20:20 | Create | Trade Cart |
| 20:22 | Research | Bloodlines |
| 20:27 | Research | Scale Barding Armor |
| 20:27 | Research | Forging |
| 20:39 | Create | Villager (Male) |
| 20:39 | Create | Villager (Male) |
| 21:13 | Build | Town Center |
| 21:16 | Research | Bow Saw |
| 21:24 | Build | Town Center |
| 21:27 | Create | Villager (Male) |
| 22:06 | Build | Monastery |
| 22:26 | Build | Stone Wall |
| 22:36 | Create | Villager (Male) |
| 22:36 | Create | Villager (Male) |
| 22:36 | Create | Villager (Male) |
| 22:37 | Create | Villager (Male) |
| 22:48 | Research | Wheelbarrow |
| 23:03 | Research | Wheelbarrow |
| 23:07 | Create | Monk |
| 23:37 | Build | Gate |
| 23:48 | Create | Villager (Male) |
| 23:48 | Create | Villager (Male) |
| 23:49 | Create | Villager (Male) |
| 23:49 | Create | Villager (Male) |
| 23:49 | Create | Villager (Male) |
| 23:53 | Build | House |
| 23:54 | Build | House |
| 23:54 | Build | House |
| 23:55 | Build | House |
| 23:59 | Build | House |
| 24:03 | Build | House |
| 24:04 | Build | House |
| 24:07 | Build | House |
| 24:12 | Create | Villager (Male) |
| 24:12 | Create | Villager (Male) |
| 24:12 | Create | Villager (Male) |
| 24:13 | Create | Villager (Male) |
| 24:27 | Build | University |
| 24:29 | Create | Monk |
| 24:46 | Create | Trade Cart |
| 24:46 | Create | Trade Cart |
| 24:47 | Create | Trade Cart |
| 24:47 | Create | Trade Cart |
| 25:22 | Create | Villager (Male) |
| 25:23 | Create | Villager (Male) |
| 25:23 | Create | Villager (Male) |
| 25:23 | Create | Villager (Male) |
| 25:28 | Build | Farm |
| 25:32 | Build | Farm |
| 25:37 | Create | Villager (Male) |
| 25:37 | Create | Villager (Male) |
| 25:40 | Research | Town Watch |
| 25:45 | Research | Ballistics |
| 25:58 | Build | Farm |
| 25:58 | Build | Farm |
| 25:59 | Build | Farm |
| 25:59 | Build | Farm |
| 25:59 | Build | Farm |
| 26:05 | Create | Villager (Male) |
| 26:05 | Create | Villager (Male) |
| 26:05 | Create | Villager (Male) |
| 26:13 | Build | Farm |
Build order — WASP!
First 150 of 364 actions detected
| 0:01 | Create | Villager (Male) |
| 0:02 | Create | Villager (Male) |
| 0:02 | Create | Villager (Male) |
| 0:02 | Create | Villager (Male) |
| 0:02 | Create | Villager (Male) |
| 0:04 | Build | House |
| 0:06 | Build | House |
| 0:53 | Build | Palisade Wall |
| 0:57 | Build | Palisade Wall |
| 2:32 | Create | Villager (Male) |
| 2:32 | Create | Villager (Male) |
| 2:32 | Create | Villager (Male) |
| 2:32 | Create | Villager (Male) |
| 2:53 | Build | Lumber Camp |
| 3:22 | Create | Villager (Male) |
| 3:22 | Create | Villager (Male) |
| 3:22 | Create | Villager (Male) |
| 3:22 | Create | Villager (Male) |
| 4:00 | Create | Villager (Male) |
| 4:00 | Create | Villager (Male) |
| 5:02 | Build | House |
| 5:18 | Build | Mill |
| 5:20 | Create | Villager (Male) |
| 5:20 | Create | Villager (Male) |
| 5:51 | Create | Villager (Male) |
| 5:51 | Create | Villager (Male) |
| 5:52 | Create | Villager (Male) |
| 6:38 | Create | Villager (Male) |
| 6:39 | Create | Villager (Male) |
| 7:26 | Create | Villager (Male) |
| 7:26 | Create | Villager (Male) |
| 7:26 | Create | Villager (Male) |
| 7:33 | Build | House |
| 7:47 | Build | Lumber Camp |
| 7:50 | Create | Villager (Male) |
| 7:50 | Create | Villager (Male) |
| 8:20 | Create | Villager (Male) |
| 9:02 | Build | Mining Camp |
| 9:23 | Create | Villager (Male) |
| 9:50 | Build | House |
| 10:02 | Create | Villager (Male) |
| 10:05 | Research | Feudal Age |
| 10:13 | Build | Mining Camp |
| 10:42 | Build | Mill |
| 11:02 | Build | Farm |
| 11:05 | Build | Farm |
| 11:47 | Build | House |
| 12:20 | Build | Barracks |
| 12:55 | Age | Feudal Age |
| 12:57 | Create | Villager (Male) |
| 12:57 | Create | Villager (Male) |
| 13:08 | Build | Market |
| 13:19 | Research | Double-Bit Axe |
| 13:58 | Build | Blacksmith |
| 14:18 | Create | Villager (Male) |
| 14:18 | Create | Villager (Male) |
| 14:46 | Build | Farm |
| 15:14 | Build | Farm |
| 15:28 | Create | Villager (Male) |
| 15:36 | Create | Villager (Male) |
| 15:51 | Create | Villager (Male) |
| 16:00 | Build | Stable |
| 16:19 | Build | Farm |
| 16:28 | Research | Castle Age |
| 16:38 | Build | Farm |
| 16:38 | Build | Farm |
| 16:39 | Build | Farm |
| 16:39 | Build | Farm |
| 16:39 | Build | Farm |
| 16:39 | Build | Farm |
| 16:40 | Build | Farm |
| 16:40 | Build | Farm |
| 17:11 | Research | Horse Collar |
| 17:20 | Research | Gold Mining |
| 18:40 | Research | Scale Barding Armor |
| 18:54 | Build | Archery Range |
| 19:08 | Age | Castle Age |
| 19:16 | Build | Castle |
| 19:28 | Create | Villager (Male) |
| 19:28 | Create | Villager (Male) |
| 19:28 | Create | Villager (Male) |
| 19:39 | Build | Town Center |
| 19:46 | Build | Farm |
| 20:05 | Build | House |
| 20:05 | Build | House |
| 20:05 | Build | House |
| 20:06 | Build | House |
| 20:10 | Research | Bow Saw |
| 20:14 | Research | Heavy Plow |
| 20:22 | Build | Farm |
| 20:25 | Build | Farm |
| 20:32 | Create | Villager (Male) |
| 20:32 | Create | Villager (Male) |
| 20:32 | Create | Villager (Male) |
| 21:25 | Build | Farm |
| 21:25 | Build | Farm |
| 21:26 | Build | Farm |
| 21:26 | Build | Farm |
| 21:31 | Research | Heavy Plow |
| 21:33 | Create | Villager (Male) |
| 21:33 | Create | Villager (Male) |
| 21:45 | Create | Villager (Male) |
| 21:46 | Create | Villager (Male) |
| 22:13 | Create | Konnik |
| 22:14 | Create | Konnik |
| 22:14 | Create | Konnik |
| 22:27 | Create | Konnik |
| 22:28 | Create | Konnik |
| 22:28 | Create | Konnik |
| 22:28 | Create | Konnik |
| 22:28 | Create | Konnik |
| 22:28 | Create | Konnik |
| 22:52 | Build | Town Center |
| 23:06 | Create | Villager (Male) |
| 23:06 | Create | Villager (Male) |
| 23:06 | Create | Villager (Male) |
| 23:07 | Create | Villager (Male) |
| 23:11 | Research | Wheelbarrow |
| 23:48 | Create | Konnik |
| 23:49 | Create | Konnik |
| 23:49 | Create | Konnik |
| 23:49 | Create | Konnik |
| 23:49 | Create | Konnik |
| 24:17 | Research | Forging |
| 24:20 | Create | Villager (Male) |
| 24:20 | Create | Villager (Male) |
| 24:41 | Build | Farm |
| 24:44 | Create | Villager (Male) |
| 24:44 | Create | Villager (Male) |
| 25:02 | Create | Villager (Male) |
| 25:03 | Create | Villager (Male) |
| 25:03 | Create | Villager (Male) |
| 25:03 | Create | Villager (Male) |
| 25:10 | Create | Villager (Male) |
| 25:10 | Create | Villager (Male) |
| 25:10 | Create | Villager (Male) |
| 25:21 | Create | Villager (Male) |
| 25:22 | Create | Villager (Male) |
| 25:22 | Create | Villager (Male) |
| 25:25 | Build | Farm |
| 25:25 | Build | Farm |
| 25:26 | Build | Farm |
| 25:26 | Build | Farm |
| 25:43 | Create | Konnik |
| 25:43 | Create | Konnik |
| 25:44 | Create | Konnik |
| 26:16 | Build | Siege Workshop |
| 27:22 | Create | Konnik |
| 27:23 | Create | Konnik |
| 27:23 | Create | Konnik |
Match timeline
| 0:53 | WASP! · wall_segment Palisade Wall x6 |
| 0:57 | WASP! · wall_segment Palisade Wall x1 |
| 0:58 | opalmab30 · wall_segment Palisade Wall x6 |
| 1:39 | Chad King · wall_segment Palisade Wall x8 |
| 1:39 | WarmGoldfish998 · wall_segment Palisade Wall x10 |
| 2:58 | WarmGoldfish998 · wall_segment Palisade Wall x8 |
| 10:31 | WarmGoldfish998 · first_building Barracks |
| 11:41 | opalmab30 · age_up feudal |
| 12:20 | WASP! · first_building Barracks |
| 12:55 | WASP! · age_up feudal |
| 13:59 | opalmab30 · first_market_sell 100 wood |
| 14:00 | opalmab30 · first_market_buy 100 food |
| 14:20 | Chad King · age_up feudal |
| 14:42 | WASP! · first_market_buy 100 food |
| 16:00 | WASP! · first_building Stable |
| 16:52 | opalmab30 · age_up castle |
| 17:27 | WarmGoldfish998 · first_building Stable |
| 18:27 | opalmab30 · wall_segment Stone Wall x7 |
| 18:40 | Chad King · age_up castle |
| 18:53 | Chad King · first_building Castle |
| 18:54 | WASP! · first_building Archery Range |
| 19:08 | WASP! · age_up castle |
| 19:16 | WASP! · first_building Castle |
| 20:39 | Chad King · wall_segment Stone Wall x9 |
| 21:34 | opalmab30 · first_building Castle |
| 22:06 | WarmGoldfish998 · first_building Monastery |
| 22:25 | WASP! · first_market_sell 100 wood |
| 22:26 | WarmGoldfish998 · wall_segment Stone Wall x17 |
| 24:42 | Chad King · first_market_buy 100 food |
| 25:13 | Chad King · wall_segment Stone Wall x10 |
| 25:18 | opalmab30 · first_building Monastery |
| 26:16 | WASP! · first_building Siege Workshop |
| 26:29 | Chad King · first_market_sell 100 stone |
| 26:43 | WarmGoldfish998 · wall_segment Stone Wall x1 |
| 27:09 | Chad King · first_building Siege Workshop |
| 28:07 | WarmGoldfish998 · first_building Castle |
| 29:02 | WASP! · first_building Monastery |
| 30:02 | Chad King · age_up imperial |
| 31:17 | WarmGoldfish998 · first_building Siege Workshop |
| 31:23 | Chad King · wall_segment Stone Wall x9 |
| 31:58 | opalmab30 · first_building Barracks |
| 32:44 | Chad King · first_building Monastery |
| 33:04 | opalmab30 · age_up imperial |
| 33:36 | opalmab30 · first_building Siege Workshop |
| 35:11 | Chad King · wall_segment Stone Wall x13 |
| 37:39 | opalmab30 · first_building Archery Range |
| 37:51 | Chad King · wall_segment Stone Wall x4 |
| 40:20 | Chad King · first_building Barracks |
| 41:01 | WASP! · age_up imperial |
| 47:26 | WASP! · resign |
[ AI ANALYSIS · 1 CREDIT ]
What really happened in this match?
Wolo.gg analyzes every decision: build order, eco, micro, common mistakes by bracket. Personalized analysis on WhatsApp or Discord in 30 seconds.
Civ guide
Turks
Perfil
Jugador #15224333